EL
NEW HAMPSHIRE FISHER CATS @ CORPUS CHRISTI HOOKS
07/23/2046
 
TOP OF THE 1ST
New Hampshire Fisher Cats batting - Pitching for Corpus Christi Hooks : RHP Moises Hernandez Jr.
Pitching: RHP Moises Hernandez Jr.
Batting: LHB Yoshinari Nara 0-0: Ball
1-0: Ground out 6-3 (Groundball, 6, EV 84.4 MPH)
Batting: RHB John Michener 0-0: Ball
1-0: Ball
2-0: Ground out 6-3 (Groundball, 6, EV 103.8 MPH)
Batting: LHB Chaim Huting 0-0: Called Strike
0-1: Ball
1-1: Ball
2-1: Foul Ball, location: 2F
2-2: Ground out U3 (Groundball, 3, EV 84.4 MPH)
Top of the 1st over - 0 runs, 0 hits, 0 errors, 0 left on base; New Hampshire 0 - Corpus Christi 0
BOTTOM OF THE 1ST
Corpus Christi Hooks batting - Pitching for New Hampshire Fisher Cats : RHP Danny Walker
Pitching: RHP Danny Walker
Batting: LHB Bob Dietz 0-0: Foul Ball, location: 2F
0-1: Ball
1-1: Ground out 5-3 (Groundball, 56, EV 83.8 MPH)
Batting: RHB Workneh Lagat 0-0: Ball
1-0: Foul Ball, location: 2F
1-1: Ball
2-1: Called Strike
2-2: Ball
3-2: SINGLE (Groundball, 6D, EV 96.9 MPH)
Batting: RHB Elijah Hunter 0-0: Ball
1-0: Called Strike
1-1: Ball
2-1: Foul Ball, location: 2F
2-2: SINGLE (Line Drive, 7S, EV 93.8 MPH)
Workneh Lagat to second
Batting: RHB Bruce Bermudez 0-0: Called Strike
0-1: Called Strike
0-2: Fielders Choice at 2nd, 6-4 (Groundball, 6M, EV 98.1 MPH)
Workneh Lagat to third
Batting: SHB Paskar Adegoke 0-0: Ball
1-0: Swinging Strike
1-1: Ball
2-1: Ground out U3 (Groundball, 3L, EV 100.0 MPH)
Bottom of the 1st over - 0 runs, 2 hits, 0 errors, 2 left on base; New Hampshire 0 - Corpus Christi 0
TOP OF THE 2ND
New Hampshire Fisher Cats batting - Pitching for Corpus Christi Hooks : RHP Moises Hernandez Jr.
Batting: SHB Jack Andrews 0-0: Foul Ball, location: 2F
0-1: Called Strike
0-2: Ball
1-2: Ball
2-2: Ball
3-2: Strikes out swinging
Batting: LHB Rodrigo Briceno 0-0: Ball
1-0: Swinging Strike
1-1: Foul Ball, location: 2F
1-2: Strikes out swinging
Batting: RHB Scott Travis 0-0: Swinging Strike
0-1: Swinging Strike
0-2: Ball
1-2: Ball
2-2: SINGLE (Groundball, 5S, EV 69.4 MPH) (infield hit)
Batting: LHB Timo Gomez 0-0: Ball
Scott Travis is caught stealing 2nd base 2-6
Top of the 2nd over - 0 runs, 1 hit, 0 errors, 0 left on base; New Hampshire 0 - Corpus Christi 0
BOTTOM OF THE 2ND
Corpus Christi Hooks batting - Pitching for New Hampshire Fisher Cats : RHP Danny Walker
Batting: RHB Sam Spohn 0-0: Ball
1-0: Fly out, F8 (Flyball, 8RM, EV 90.6 MPH)
Batting: RHB Ryan Salas 0-0: Called Strike
0-1: Called Strike
0-2: Foul Ball, location: 2F
0-2: Foul Ball, location: 2F
0-2: Ball
1-2: Ball
2-2: Ball
3-2: Ground out 5-3 (Groundball, 5, EV 80.0 MPH)
Batting: LHB Vinny Siebecker 0-0: Ball
1-0: Ground out 4-3 (Groundball, 4, EV 78.8 MPH)
Bottom of the 2nd over - 0 runs, 0 hits, 0 errors, 0 left on base; New Hampshire 0 - Corpus Christi 0
TOP OF THE 3RD
New Hampshire Fisher Cats batting - Pitching for Corpus Christi Hooks : RHP Moises Hernandez Jr.
Batting: LHB Timo Gomez 0-0: Ball
1-0: Ground out 4-3 (Groundball, 4S, EV 88.1 MPH)
Batting: RHB Bryan Peterson 0-0: Foul Ball, location: 2F
0-1: Ball
1-1: Ball
2-1: DOUBLE (Flyball, 8RXD, EV 104.4 MPH)
Batting: RHB Kirk Seiffert 0-0: Called Strike
0-1: Ball
1-1: Ball
2-1: Foul Ball, location: 2F
2-2: Strikes out swinging
Batting: LHB Yoshinari Nara 0-0: Ground out 6-3 (Groundball, 6, EV 92.5 MPH)
Top of the 3rd over - 0 runs, 1 hit, 0 errors, 1 left on base; New Hampshire 0 - Corpus Christi 0
BOTTOM OF THE 3RD
Corpus Christi Hooks batting - Pitching for New Hampshire Fisher Cats : RHP Danny Walker
Batting: RHB Steve Moore 0-0: Foul Ball, location: 2F
0-1: Ball
1-1: Swinging Strike
1-2: Fly out, F9 (Flyball, 9LS, EV 89.4 MPH)
Batting: LHB Bob Dietz 0-0: Called Strike
0-1: Called Strike
0-2: Ball
1-2: Strikes out swinging
Batting: RHB Workneh Lagat 0-0: Called Strike
0-1: Fly out, F3 (Popup, 3F, EV 66.2 MPH)
Bottom of the 3rd over - 0 runs, 0 hits, 0 errors, 0 left on base; New Hampshire 0 - Corpus Christi 0
TOP OF THE 4TH
New Hampshire Fisher Cats batting - Pitching for Corpus Christi Hooks : RHP Moises Hernandez Jr.
Batting: RHB John Michener 0-0: Foul Ball, location: 2F
0-1: SINGLE (Line Drive, 6D, EV 105.0 MPH)
Batting: LHB Chaim Huting 0-0: Called Strike
John Michener is caught stealing 2nd base 2-6
0-1: Ball
1-1: Foul Ball, location: 2F
1-2: Ground out 5-3 (Groundball, 5S, EV 83.1 MPH)
Batting: SHB Jack Andrews 0-0: Ball
1-0: Ball
2-0: Foul Ball, location: 2F
2-1: Ball
3-1: Base on Balls
Batting: LHB Rodrigo Briceno 0-0: Foul Ball, location: 2F
0-1: Called Strike
Jack Andrews steals 2nd base
0-2: Foul Ball, location: 2F
0-2: Ground out 5-3 (Groundball, 5, EV 100.6 MPH)
Top of the 4th over - 0 runs, 1 hit, 0 errors, 1 left on base; New Hampshire 0 - Corpus Christi 0
BOTTOM OF THE 4TH
Corpus Christi Hooks batting - Pitching for New Hampshire Fisher Cats : RHP Danny Walker
Batting: RHB Elijah Hunter 0-0: Called Strike
0-1: Ball
1-1: Ball
2-1: DOUBLE (Line Drive, 7LM, EV 101.9 MPH)
Batting: RHB Bruce Bermudez 0-0: Foul Ball, location: 2F
0-1: Ball
1-1: Foul Ball, location: 2F
1-2: Fly out, F8 (Flyball, 8LD, EV 101.9 MPH)
Batting: SHB Paskar Adegoke 0-0: Called Strike
0-1: Ball
1-1: Called Strike
1-2: Foul Ball, location: 2F
1-2: Ball
2-2: Ball
3-2: Strikes out swinging
Batting: RHB Sam Spohn 0-0: Ball
1-0: Swinging Strike
1-1: Foul Ball, location: 2F
1-2: Foul Ball, location: 2F
1-2: Ball
2-2: Ball
3-2: Strikes out swinging
Bottom of the 4th over - 0 runs, 1 hit, 0 errors, 1 left on base; New Hampshire 0 - Corpus Christi 0
TOP OF THE 5TH
New Hampshire Fisher Cats batting - Pitching for Corpus Christi Hooks : RHP Moises Hernandez Jr.
Batting: RHB Scott Travis 0-0: Called Strike
0-1: Fly out, F8 (Flyball, 78M, EV 90.6 MPH)
Batting: LHB Timo Gomez 0-0: Ball
1-0: Fly out, F9 (Flyball, 89M, EV 85.6 MPH)
Batting: RHB Bryan Peterson 0-0: Ball
1-0: Called Strike
1-1: SINGLE (Groundball, 6MD, EV 95.6 MPH)
Batting: RHB Kirk Seiffert 0-0: Ball
1-0: Ball
2-0: Called Strike
2-1: SINGLE (Flyball, 9LM, EV 91.9 MPH)
Bryan Peterson to second
Bryan Peterson to third
Batting: LHB Yoshinari Nara 0-0: Foul Ball, location: 2F
0-1: Foul Ball, location: 2F
0-2: Ball
1-2: Foul Ball, location: 2F
1-2: Fielders Choice at 2nd, 5-4 (Groundball, 56, EV 96.9 MPH)
Top of the 5th over - 0 runs, 2 hits, 0 errors, 2 left on base; New Hampshire 0 - Corpus Christi 0
BOTTOM OF THE 5TH
Corpus Christi Hooks batting - Pitching for New Hampshire Fisher Cats : RHP Danny Walker
Batting: RHB Ryan Salas 0-0: Ball
1-0: Called Strike
1-1: Ground out 5-3 (Groundball, 56S, EV 69.4 MPH)
Batting: LHB Vinny Siebecker 0-0: Called Strike
0-1: Foul Ball, location: 2F
0-2: Ball
1-2: Ground out 4-3 (Groundball, 4D, EV 78.8 MPH)
Batting: RHB Steve Moore 0-0: Called Strike
0-1: Ground out 5-3 (Groundball, 56, EV 80.0 MPH)
Bottom of the 5th over - 0 runs, 0 hits, 0 errors, 0 left on base; New Hampshire 0 - Corpus Christi 0
TOP OF THE 6TH
New Hampshire Fisher Cats batting - Pitching for Corpus Christi Hooks : RHP Moises Hernandez Jr.
Batting: RHB John Michener 0-0: Ball
1-0: Ball
2-0: Fly out, F8 (Line Drive, 8LM, EV 91.9 MPH)
Batting: LHB Chaim Huting 0-0: Foul Ball, location: 2F
0-1: Foul Ball, location: 2F
0-2: Ball
1-2: Ground out 6-3 (Groundball, 6, EV 105.6 MPH)
Batting: SHB Jack Andrews 0-0: Swinging Strike
0-1: SINGLE (Line Drive, 4D, EV 98.8 MPH)
Batting: LHB Rodrigo Briceno 0-0: Ball
1-0: Foul Ball, location: 2F
1-1: Called Strike
1-2: Strikes out swinging
Top of the 6th over - 0 runs, 1 hit, 0 errors, 1 left on base; New Hampshire 0 - Corpus Christi 0
BOTTOM OF THE 6TH
Corpus Christi Hooks batting - Pitching for New Hampshire Fisher Cats : RHP Danny Walker
Batting: LHB Bob Dietz 0-0: SINGLE (Groundball, 34D, EV 103.8 MPH)
Batting: RHB Workneh Lagat 0-0: Called Strike
0-1: DOUBLE (Groundball, 5L, EV 94.4 MPH)
Bob Dietz to third
Runner from 3rd tries for Home, SAFE, no throw by LF
Batting: RHB Elijah Hunter 0-0: Ball
1-0: Ball
2-0: Fly out, F9 (Flyball, 89XD, EV 95.6 MPH)
Runner from 2nd tags up, SAFE at 3rd, no throw by RF
Batting: RHB Bruce Bermudez 0-0: Ball
1-0: Foul Ball, location: 2F
1-1: Ball
2-1: Ground out 1-3 (Groundball, 15S, EV 78.1 MPH)
Batting: SHB Paskar Adegoke 0-0: Called Strike
0-1: Foul Ball, location: 2F
0-2: Foul Ball, location: 2F
0-2: Ball
1-2: Foul Ball, location: 2F
1-2: Strikes out swinging
Bottom of the 6th over - 1 run, 2 hits, 0 errors, 1 left on base; New Hampshire 0 - Corpus Christi 1
TOP OF THE 7TH
New Hampshire Fisher Cats batting - Pitching for Corpus Christi Hooks : RHP Moises Hernandez Jr.
Batting: RHB Scott Travis 0-0: Ball
1-0: Ball
2-0: Called Strike
2-1: Swinging Strike
2-2: Ball
3-2: Foul Ball, location: 2F
3-2: Base on Balls
Batting: LHB Timo Gomez 0-0: Ball
1-0: Sac Bunt to 25 - play at second, runner OUT! 5-6
Pitching: RHP Ray Leuthauser
Batting: RHB Bryan Peterson 0-0: Ball
Timo Gomez steals 2nd base (no throw)
1-0: Called Strike
1-1: Fly out, F7 (Flyball, 7, EV 91.9 MPH)
Pinch Hitting: LHB Tso-lin Fen 0-0: Ground out 4-3 (Groundball, 4, EV 85.0 MPH)
Top of the 7th over - 0 runs, 0 hits, 0 errors, 1 left on base; New Hampshire 0 - Corpus Christi 1
BOTTOM OF THE 7TH
Corpus Christi Hooks batting - Pitching for New Hampshire Fisher Cats : RHP Danny Walker
Now at 3B: Mike Strey
Batting: RHB Sam Spohn 0-0: Called Strike
0-1: Ground out 5-3 (Groundball, 56S, EV 91.2 MPH)
Batting: RHB Ryan Salas 0-0: Called Strike
0-1: Foul Ball, location: 2F
0-2: Ball
1-2: DOUBLE (Groundball, 5L, EV 100.6 MPH)
Batting: LHB Vinny Siebecker 0-0: Foul Ball, location: 2F
0-1: Ball
1-1: Swinging Strike
1-2: SINGLE (Flyball, 34D, EV 92.5 MPH)
Ryan Salas to third
Batting: RHB Steve Moore 0-0: Ball
1-0: DOUBLE (Flyball, 89D, EV 105.6 MPH)
Ryan Salas scores
Vinny Siebecker to third
Batting: LHB Bob Dietz 0-0: Ball
1-0: Ball
2-0: Foul Ball, location: 2F
2-1: Ball
3-1: Base on Balls
Pitching: RHP Dave Kurtz
Batting: RHB Workneh Lagat 0-0: Ball
1-0: Ball
2-0: Called Strike
2-1: Foul Ball, location: 2F
2-2: Strikes out swinging
Batting: RHB Elijah Hunter 0-0: Ball
1-0: Ball
2-0: Called Strike
2-1: Fly out, F3 (Popup, 3SF, EV 61.9 MPH)
Bottom of the 7th over - 1 run, 3 hits, 0 errors, 3 left on base; New Hampshire 0 - Corpus Christi 2
TOP OF THE 8TH
New Hampshire Fisher Cats batting - Pitching for Corpus Christi Hooks : RHP Ray Leuthauser
Batting: LHB Yoshinari Nara 0-0: Ball
1-0: Called Strike
1-1: Fly out, F7 (Flyball, 7D, EV 92.5 MPH)
Batting: RHB John Michener 0-0: Foul Ball, location: 2F
0-1: Called Strike
0-2: Strikes out looking
Batting: LHB Chaim Huting 0-0: Called Strike
0-1: Foul Ball, location: 2F
0-2: Foul Ball, location: 2F
0-2: Ball
1-2: Ground out 2-3 (Groundball, 2R, EV 65.0 MPH)
Top of the 8th over - 0 runs, 0 hits, 0 errors, 0 left on base; New Hampshire 0 - Corpus Christi 2
BOTTOM OF THE 8TH
Corpus Christi Hooks batting - Pitching for New Hampshire Fisher Cats : RHP Dave Kurtz
Batting: RHB Bruce Bermudez 0-0: Foul Ball, location: 2F
0-1: Swinging Strike
0-2: Ball
1-2: Foul Ball, location: 2F
1-2: Ball
2-2: Strikes out looking
Batting: SHB Paskar Adegoke 0-0: Ball
1-0: SINGLE (Groundball, 34D, EV 97.5 MPH)
Batting: RHB Sam Spohn 0-0: Called Strike
0-1: Foul Ball, location: 2F
0-2: Ball
1-2: Strikes out looking
Batting: RHB Ryan Salas 0-0: Called Strike
0-1: Ball
1-1: Fly out, F9 (Flyball, 89M, EV 90.6 MPH)
Bottom of the 8th over - 0 runs, 1 hit, 0 errors, 1 left on base; New Hampshire 0 - Corpus Christi 2
TOP OF THE 9TH
New Hampshire Fisher Cats batting - Pitching for Corpus Christi Hooks : RHP Ray Leuthauser
Pitching: LHP Francisco de la Torre
Now at 3B: Steve Moore
Now at SS: Masaru Konno
Batting: SHB Jack Andrews 0-0: Called Strike
0-1: Ball
1-1: Ball
2-1: Ball
3-1: Base on Balls
Pinch Hitting: RHB Matt Nycz 0-0: Swinging Strike
0-1: Grounds into double play, 5-4-3 (Groundball, 56, EV 86.9 MPH)
Batting: RHB Scott Travis 0-0: Called Strike
0-1: Ball
1-1: Swinging Strike
1-2: Ball
2-2: Foul Ball, location: 2F
2-2: Strikes out swinging
Top of the 9th over - 0 runs, 0 hits, 0 errors, 0 left on base; New Hampshire 0 - Corpus Christi 2
Tuesday, September 13th , 2022 - OOTP Baseball 23.7 Build 88